 Dungeon Crawl Stone Soup version 0.31-a0-557-g6e16503903 (webtiles) character file.

Game seed: 4333162689890729787

5339 Pooter the Charlatan (level 10, -7/68 HPs)
             Began as a Gnoll Wanderer on Aug 16, 2023.
             Was a Believer of Hepliaklqana.
             Mangled by Duvessa
             ... wielding a +0 short sword of protection
              (9 damage)
             ... on level 4 of the Dungeon on Aug 17, 2023.
             The game lasted 01:29:23 (14006 turns).

Pooter the Charlatan (Gnoll Wanderer)              Turns: 14006, Time: 01:29:23

Health: -7/68      AC:  4    Str: 10    XL:     10   Next: 65%
Magic:  15/19      EV: 18    Int: 19    God:    Hepliaklqana [**....]
Gold:   9          SH:  0    Dex: 10    Spells: 8/21 levels left

rFire   + . .        a - +2 glaive (drain)
rCold   . . .        (shield currently unavailable)
rNeg    . . .        c - +1 robe
rPois   .            d - +0 helmet
rElec   .            (no cloak)
rCorr   .            (no gloves)
SInv    .            (no boots)
Will    .....        u - amulet of the acrobat
Stlth   +++          o - +5 ring of evasion
HPRegen 0.31/turn    F - ring of protection from fire
MPRegen 0.16/turn

%: acrobat
@: no status effects
A: reduced essence, fangs 1, strong nose, distributed training
a: Renounce Religion, Recall Ancestor, Ancestor Identity


You were on level 4 of the Dungeon.
You worshipped Hepliaklqana.
Hepliaklqana was pleased with you.
You visited 2 branches of the dungeon, and saw 9 of its levels.

You collected 461 gold pieces.
You spent 452 gold pieces at shops.

Inventory:

Hand Weapons
 a - a +2 glaive of draining (weapon)
   (You took it off Jeremiah on level 7 of the Dungeon)
 b - a +4 heavy orcbow
   (You bought it in a shop on level 3 of the Dungeon)
 i - a +5 shortbow
   (You found it on level 7 of the Dungeon)
 k - a +0 orcbow
   (You took it off a centaur on level 6 of the Dungeon)
 p - a +0 war axe
   (You found it on level 6 of the Dungeon)
 H - a +0 trident
   (You took it off an orc warrior on level 7 of the Dungeon)
Missiles
 l - 14 poisoned darts
 s - 5 boomerangs (quivered)
 E - 3 curare-tipped darts
 G - 6 datura-tipped darts
 Q - 64 stones
Armour
 c - a +1 robe (worn)
 d - a +0 helmet (worn)
   (You found it on level 4 of the Dungeon)
Magical Staves
 w - a staff of cold
   (You found it on level 4 of the Dungeon)
Jewellery
 o - a +5 ring of evasion (left hand)
   (You found it on level 3 of the Dungeon)
 u - an amulet of the acrobat (around neck)
   (You found it on level 3 of the Dungeon)
 F - a ring of protection from fire (right hand)
   (You found it on level 7 of the Dungeon)
Scrolls
 e - 2 scrolls of enchant armour
 g - a scroll of enchant weapon
 h - 2 scrolls of revelation
 j - 4 scrolls of blinking
 m - a scroll of vulnerability {!r}
 n - a scroll of fear
 t - a scroll of teleportation {@r4}
 v - 4 scrolls of noise {!r}
 x - a scroll of fog
Potions
 f - a potion of ambrosia
 q - a potion of berserk rage {unknown}
 r - a potion of attraction {unknown}
 z - 3 potions of haste {@q3}
 B - 2 potions of brilliance
 C - a potion of lignification {!q}
 D - a potion of curing {unknown}


   Skills:
 + Level 6.2 Fighting
 + Level 5.6 Short Blades
 + Level 5.6 Long Blades
 + Level 5.6 Axes
 + Level 5.6 Maces & Flails
 + Level 5.6 Polearms
 + Level 5.6 Staves
 + Level 5.6 Ranged Weapons
 + Level 5.6 Throwing
 + Level 5.6 Armour
 + Level 5.6 Dodging
 + Level 6.1 Stealth
 + Level 5.6 Shields
 + Level 5.6 Unarmed Combat
 + Level 6.3 Spellcasting
 + Level 4.6 Conjurations
 + Level 4.6 Hexes
 + Level 4.6 Summonings
 + Level 4.6 Necromancy
 + Level 5.1 Translocations
 + Level 7.2 Transmutations
 + Level 4.6 Fire Magic
 + Level 4.6 Ice Magic
 + Level 4.6 Air Magic
 + Level 4.6 Earth Magic
 + Level 4.6 Poison Magic
 + Level 6.7 Invocations
 + Level 7.3 Evocations
 + Level 4.6 Shapeshifting


You had 8 spell levels left.
You knew the following spells:

 Your Spells              Type           Power      Damage    Failure   Level
a - Sting                 Tmut/Pois      100%       1d8       1%          1
b - Ignite Poison         Fire/Tmut/Pois 26%        N/A       3%          3
c - Apportation           Tloc           50%        N/A       1%          1
d - Ozocubu's Armour      Ice            23%        N/A       4%          3
e - Sublimation of Blood  Necr           23%        N/A       2%          2
s - Swiftness             Air            23%        N/A       4%          3

Your spell library contained the following spells:

 Spells                   Type           Power      Damage    Failure   Level
 Kiss of Death            Conj/Necr      92%        2d12      1%          1
 Shock                    Conj/Air       92%        1d8       1%          1
 Cigotuvi's Dreadful Rot  Necr/Pois/Air  46%        N/A       2%          2
 Teleport Other           Tloc           25%        N/A       3%          3
 Confusing Touch          Hex            23%        N/A       4%          3
 Petrify                  Tmut/Erth      28%        N/A       10%         4
 Airstrike                Air            11%        2d(2-18)  16%         4
 Dispel Undead            Necr           23%        3d12      16%         4
 Irradiate                Conj/Tmut      14%        3d16      26%         5
 Freezing Cloud           Conj/Ice/Air   11%        6-21      41%         5
 Ozocubu's Refrigeration  Ice            11%        4d10      100%        7


Dungeon Overview and Level Annotations

Branches:
Dungeon (8/15) Zot: 25682  Temple (1/1) D:5 Zot: 5956
   Lair: D:8-11

Altars:
Ashenzari
Cheibriados
Dithmenos
Elyvilon
Fedhas
Gozag
Hepliaklqana
Kikubaaqudgha
Makhleb
Nemelex Xobeh
Okawaru
Qazlal
Ru
Sif Muna
Trog
Uskayaw
Vehumet
Wu Jian
Xom
Yredelemnul
Zin
The Shining One

Shops:
D:3 :(

Annotations:
D:4 Duvessa
D:6 1 runed translucent door, GamesABlazin's ghost, novice GnFi


Innate Abilities, Weirdness & Mutations

Your life essence is reduced to manifest your ancestor. (-10% HP)
You have very sharp teeth.
Your uncanny sense of smell can sniff out nearby items.
Your experience applies equally to all skills.


Message History

Duvessa, Sister of Dowan comes into view.
She is wielding a +0 short sword of protection and wearing a +3 leather armour of cold resistance.
Duvessa goes berserk!
You shoot an arrow. The arrow barely misses Duvessa.
Duvessa hits you with a +0 short sword of protection.
Agathoclea closely misses Duvessa.
You shoot an arrow. The arrow closely misses Duvessa.
Duvessa hits you with a +0 short sword of protection!
Duvessa completely misses you.
Agathoclea hits Duvessa with a +0 flail.
Duvessa hits Agathoclea with a +0 short sword of protection.
You shoot an arrow.
The arrow hits Duvessa but does no damage.
Duvessa closely misses you.
Agathoclea hits Duvessa but does no damage.
Duvessa hits you with a +0 short sword of protection!
Duvessa barely misses you.
You shoot an arrow. The arrow closely misses Duvessa.
Duvessa hits you with a +0 short sword of protection!
* * * LOW HITPOINT WARNING * * *
Agathoclea hits Duvessa with a +0 flail!
Agathoclea blocks Duvessa's attack.
Agathoclea hits Duvessa but does no damage.
Duvessa closely misses Agathoclea.
Casting: Ignite Poison (dangerous; 3% risk of failure)
Confirm with . or Enter, or press ? or * to list all spells.
Aiming: Sting (safe; 1% risk of failure)
Press: ? - help, Shift-Dir - straight line, f/p - Duvessa
Aim: Duvessa, wielding a +0 short sword of protection and wearing a +3 leather armour of cold resistance (moderately wounded, berserk, not watching you, ally target, 81% to hit)
The sting hits Duvessa.
Duvessa is poisoned.
Duvessa completely misses you.
Casting: Sting (safe; 1% risk of failure)
Confirm with . or Enter, or press ? or * to list all spells.
You ignite the poison in your surroundings!
Duvessa seems to burn from within!
Duvessa hits you with a +0 short sword of protection!
* * * LOW HITPOINT WARNING * * *
Agathoclea hits Duvessa with a +0 flail!
Duvessa hits you with a +0 short sword of protection!
* * * LOW HITPOINT WARNING * * *
Unknown command.
You sense an unholy aura.
a - a +2 glaive of draining (weapon)
You hit Duvessa.
Duvessa hits you with a +0 short sword of protection!
* * * LOW HITPOINT WARNING * * *
Agathoclea hits Duvessa but does no damage.
Duvessa barely misses you.
Unknown command.
You closely miss Duvessa. You bite Duvessa, but do no damage.
Duvessa hits you with a +0 short sword of protection!
You die...

...#...#######...................
####...##....###.....###'########
.########......#.....#...........
...............#.....#...........
...............#..)..#...........
...............#.....#))...##....
...............'.....#'##########
...............#e....#)).).......
...............#@R...#...........
...............#.....#...........
.###...##.######.....#'###'######
.###...##.##.).###...............
..#..............#...............
..#..............#...............
..#..............'...............
..####...#########...............
..########...........########'#.)


You could see the friendly Agathoclea the knight and Duvessa (berserk, ally
target).

Vanquished Creatures
  A boulder beetle (D:6)
  Jeremiah (D:7)
  Prince Ribbit (D:7)
  A yak (D:6)
  A water moccasin (D:5)
  4 orc warriors (D:7)
  2 black bears
  2 ice beasts
  4 ogres (D:7)
  A centaur (D:6)
  2 kobold brigands
  3 scorpions
  Dowan (D:4)
  3 howler monkeys
  2 jellies
  10 hounds
  4 gnoll boudas
  5 orc priests
  Natasha (twice) (D:2)
  Ijyb (D:4)
  5 iguanas
  3 orc wizards
  16 gnolls
  10 adders
  A white imp (D:5)
  2 worms (D:2)
  3 dart slugs
  14 orcs
  9 endoplasms
  A giant cockroach (D:2)
  18 goblins
  9 hobgoblins
  4 jackals (D:3)
  6 quokkas
  6 ball pythons
  4 bats (D:3)
  10 frilled lizards
  24 kobolds
  7 rats
203 creatures vanquished.

Vanquished Creatures (collateral kills)
  A two-headed ogre (D:8)
  A sky beast (D:7)
  2 ogres (D:7)
  A centaur (D:7)
  2 kobold brigands
  A gnoll bouda (D:7)
  An orc wizard (D:6)
  A gnoll (D:7)
  An adder (D:4)
  An orc (D:7)
  5 kobolds
17 creatures vanquished.

Vanquished Creatures (others)
  3 ancestors (D:6)
  2 kobolds (D:7)
5 creatures vanquished.

Grand Total: 225 creatures vanquished

Notes
Turn   | Place    | Note
-------+----------+-------------------------------------------
     0 | D:1      | Pooter the Gnoll Wanderer began the quest for the Orb.
     0 | D:1      | Pooter set off with the following items: a +0 club, a
                  | potion of brilliance, a +0 robe, a wand of polymorph (4);
                  | and the following spells available to memorise: Sting,
                  | Apportation, Teleport Other, Ignite Poison, Petrify.
     0 | D:1      | Reached XP level 1. HP: 17/17 MP: 4/4
     2 | D:1      | Learned a level 1 spell: Sting
     4 | D:1      | Learned a level 1 spell: Apportation
   385 | D:1      | Reached XP level 2. HP: 23/23 MP: 2/5
  1903 | D:2      | Reached XP level 3. HP: 28/28 MP: 4/7
  2108 | D:2      | Learned a level 3 spell: Ignite Poison
  2302 | D:2      | Noticed Natasha
  2771 | D:2      | Reached skill level 1 in Short Blades
  2771 | D:2      | Reached skill level 1 in Long Blades
  2771 | D:2      | Reached skill level 1 in Axes
  2771 | D:2      | Reached skill level 1 in Maces & Flails
  2771 | D:2      | Reached skill level 1 in Polearms
  2771 | D:2      | Reached skill level 1 in Staves
  2771 | D:2      | Reached skill level 1 in Ranged Weapons
  2771 | D:2      | Reached skill level 1 in Throwing
  2771 | D:2      | Reached skill level 1 in Armour
  2771 | D:2      | Reached skill level 1 in Dodging
  2771 | D:2      | Reached skill level 1 in Shields
  2771 | D:2      | Reached skill level 1 in Unarmed Combat
  2771 | D:2      | Reached XP level 4. HP: 23/34 MP: 2/8
  2781 | D:2      | Killed Natasha
  2782 | D:2      | Reached skill level 1 in Conjurations
  2782 | D:2      | Reached skill level 1 in Hexes
  2782 | D:2      | Reached skill level 1 in Summonings
  2782 | D:2      | Reached skill level 1 in Necromancy
  2782 | D:2      | Reached skill level 1 in Fire Magic
  2782 | D:2      | Reached skill level 1 in Ice Magic
  2782 | D:2      | Reached skill level 1 in Air Magic
  2782 | D:2      | Reached skill level 1 in Earth Magic
  2782 | D:2      | Reached skill level 1 in Poison Magic
  2782 | D:2      | Reached skill level 1 in Shapeshifting
  3045 | D:2      | Noticed Natasha
  3053 | D:2      | Killed Natasha
  3054 | D:2      | Reached XP level 5. HP: 27/40 MP: 6/9
  3693 | D:3      | Found Zuoqek's Book Shoppe.
  3721 | D:3      | Found Nostrut's Weapon Boutique.
  3730 | D:3      | Bought a +0 quarterstaff for 56 gold pieces
  4792 | D:3      | Reached XP level 6. HP: 41/47 MP: 8/11
  5017 | D:4      | Noticed Ijyb
  5064 | D:4      | Reached skill level 5 in Evocations
  5440 | D:4      | Found a shimmering altar of Xom.
  5477 | D:4      | Noticed Robin
  5491 | D:4      | Robin changed into Robin the quokka
  5491 | D:4      | Noticed Robin
  5505 | D:4      | Killed Robin the quokka
  5629 | D:4      | Learned a level 3 spell: Ozocubu's Armour
  5686 | D:4      | Killed Ijyb
  5997 | D:4      | Reached XP level 7. HP: 52/52 MP: 12/12
  6301 | D:4      | Noticed Dowan
  6318 | D:4      | Killed Dowan
  6418 | D:5      | Entered Level 5 of the Dungeon
  7043 | D:5      | Found a staircase to the Ecumenical Temple.
  7088 | Temple   | Entered the Ecumenical Temple
  7110 | Temple   | Became a worshipper of Hepliaklqana the Forgotten
  7136 | D:5      | Reached XP level 8. HP: 56/60 MP: 7/14
  7340 | D:5      | Learned a level 3 spell: Swiftness
  8843 | D:6      | Reached * piety under Hepliaklqana
  8889 | D:6      | Noticed a boulder beetle
  8915 | D:6      | Killed a boulder beetle
  8916 | D:6      | Reached skill level 5 in Spellcasting
  8916 | D:6      | Reached skill level 5 in Invocations
  8916 | D:6      | Reached XP level 9. HP: 19/60 MP: 2/16
  9187 | D:6      | Reached skill level 5 in Fighting
  9907 | D:6      | Noticed GamesABlazin's ghost (novice GnFi)
  9908 | D:6      | Found a runed translucent door.
 10021 | D:7      | Reached skill level 5 in Stealth
 10474 | D:7      | Found an iron altar of Okawaru.
 10588 | D:7      | Found a white marble altar of Elyvilon.
 10747 | D:7      | Noticed Prince Ribbit
 10751 | D:7      | Killed Prince Ribbit
 11016 | D:7      | Reached ** piety under Hepliaklqana
 11017 | D:7      | Remembered your ancestor Agathoclea as a knight
 11039 | D:7      | Learned a level 2 spell: Sublimation of Blood
 11083 | D:7      | Reached XP level 10. HP: 46/67 MP: 18/18
 11201 | D:7      | Reached skill level 5 in Short Blades
 11201 | D:7      | Reached skill level 5 in Long Blades
 11201 | D:7      | Reached skill level 5 in Axes
 11201 | D:7      | Reached skill level 5 in Maces & Flails
 11201 | D:7      | Reached skill level 5 in Polearms
 11201 | D:7      | Reached skill level 5 in Staves
 11201 | D:7      | Reached skill level 5 in Ranged Weapons
 11201 | D:7      | Reached skill level 5 in Throwing
 11201 | D:7      | Reached skill level 5 in Armour
 11201 | D:7      | Reached skill level 5 in Dodging
 11201 | D:7      | Reached skill level 5 in Shields
 11201 | D:7      | Reached skill level 5 in Unarmed Combat
 12258 | D:7      | Noticed Jeremiah
 12270 | D:7      | Killed Jeremiah
 12545 | D:7      | Reached skill level 5 in Translocations
 12788 | D:8      | Noticed a two-headed ogre
 12800 | D:8      | Killed a two-headed ogre
 13572 | D:3      | Bought a +4 heavy orcbow for 396 gold pieces
 13997 | D:4      | Noticed Duvessa
 14005 | D:4      | HP: 2/68 [Duvessa/+0 short sword of protection (8)]
 14006 | D:4      | Mangled by Duvessa

Illustrated notes

Levels and vault maps discovered:
D:1:      saegor_arrival_fortress, layout_loops_ring, minmay_lizard_pond
D:2:      layout_basic, grunt_ministairs_2, uniq_natasha
D:3:      wad_woods_tower, layout_basic, serial_shops, shop, shop,
          dreamdust_princess_bridge, nicolae_titane
D:4:      layout_gridville, mainiacjoe_overflow_alcove_1, uniq_ijyb, uniq_robin,
          uniq_duvessa
D:5:      layout_cave_pods, minmay_temple_entry_stoned_glass
D:6:      minmay_cornered_nines, layout_loops_ring, gammafunk_ghost_grave,
          minmay_misc_feat_pillars, serial_bayou_pond_d, minmay_misc_feat_rows
D:7:      kennysheep_seaside_town, layout_gridville, elyvilon_altar_3,
          okawaru_trees_1, uniq_prince_ribbit1, uniq_jeremiah
D:8:      layout_basic, uniq_psyche
Temple:   nicolae_temple_bog_church

Skill      XL: |  1  2  3  4  5  6  7  8  9 10 |
---------------+-------------------------------+-----
Translocations | 2 3 4 5 |  5.1
Short Blades   | 1 2 4 5 |  5.6
Long Blades    | 1 2 4 5 |  5.6
Axes           | 1 2 4 5 |  5.6
Maces & Flails | 1 2 4 5 |  5.6
Polearms       | 1 2 4 5 |  5.6
Staves         | 1 2 4 5 |  5.6
Ranged Weapons | 1 2 4 5 |  5.6
Throwing       | 1 2 4 5 |  5.6
Armour         | 1 2 4 5 |  5.6
Dodging        | 1 2 4 5 |  5.6
Shields        | 1 2 4 5 |  5.6
Unarmed Combat | 1 2 4 5 |  5.6
Spellcasting   | 3 4 5 6 |  6.3
Conjurations   | 1 2 3 4 |  4.6
Hexes          | 1 2 3 4 |  4.6
Summonings     | 1 2 3 4 |  4.6
Necromancy     | 1 2 3 4 |  4.6
Fire Magic     | 1 2 3 4 |  4.6
Ice Magic      | 1 2 3 4 |  4.6
Air Magic      | 1 2 3 4 |  4.6
Earth Magic    | 1 2 3 4 |  4.6
Poison Magic   | 1 2 3 4 |  4.6
Shapeshifting  | 1 2 3 4 |  4.6
Invocations    | 3 4 5 6 |  6.7
Fighting       | 3 4 5 6 |  6.2
Stealth        | 3 4 5 6 |  6.1
Evocations     | 5 6 7 |  7.3
Transmutations | 6 7 |  7.2

Action                     |  1- 3 |  4- 6 |  7- 9 | 10-12 || total
---------------------------+-------+-------+-------+-------++-------
  Melee: Club              |     2 |       |       |       ||     2
         Short sword       |     5 |       |       |       ||     5
         Bite              |     2 |     7 |     6 |     2 ||    17
         Spear             |     5 |    17 |       |       ||    22
         Quarterstaff      |       |    59 |    35 |       ||    94
         War axe           |       |       |    22 |       ||    22
         Punch             |       |       |     1 |       ||     1
         Glaive            |       |       |       |     5 ||     5
   Fire: Orcbow            |       |       |    47 |    36 ||    83
         Shortbow          |       |       |       |    53 ||    53
  Throw: Stone             |     9 |     2 |       |       ||    11
         Dart              |     8 |    17 |     1 |     3 ||    29
         Boomerang         |       |    40 |    64 |       ||   104
   Cast: Sting             |    62 |    85 |    65 |    17 ||   229
         Ignite Poison     |     1 |     9 |    45 |    13 ||    68
         Ozocubu's Armour  |       |       |     2 |       ||     2
         Sublimation of Bl |       |       |     2 |       ||     2
         Swiftness         |       |       |     1 |       ||     1
 Invoke: Ancestor Identity |       |       |     1 |       ||     1
         Ancestor Life: Kn |       |       |     1 |       ||     1
  Evoke: Wand              |       |     5 |     7 |       ||    12
    Use: Scroll            |       |     7 |     5 |     3 ||    15
 Armour: Robe              |     2 |    20 |    15 |       ||    37
  Dodge: Dodged            |    11 |   111 |   110 |    19 ||   251

Table legend: (Time is in decaauts)
 A = Elapsed time spent in this place.
 B = Non-inter-level travel time spent in this place.
 C = Inter-level travel time spent in this place.
 D = Time resting spent in this place.
 E = Time spent auto-exploring this place.
 F = Levels seen in this place.
 G = Mean time per level.
                   A        B        C        D        E       F      G
               +--------+--------+--------+--------+--------+-----+--------+
         Total |  14092 |  13757 |    335 |   6832 |   4703 |   9 | 1565.8 |
       Dungeon |  14048 |  13730 |    318 |   6832 |   4703 |   8 | 1756.0 |
        Temple |     43 |     26 |     17 |      0 |      0 |   1 |   43.0 |
               +--------+--------+--------+--------+--------+-----+--------+

Top non-repeatable levels by time:
     D:7: 2563 daAuts
     D:5: 2079 daAuts
     D:4: 2048 daAuts
     D:2: 1825 daAuts
     D:1: 1689 daAuts
     D:6: 1546 daAuts
     D:3: 1514 daAuts
     D:8: 782 daAuts
  Temple: 43 daAuts
